 Dungeon Crawl Stone Soup version 0.18-a0-1147-g8e8348b (webtiles) character file.

2681 RedPan the Carver (level 9, -2/67 HPs)
             Began as a Formicid Abyssal Knight on Jan 22, 2016.
             Was an Elder of Lugonu.
             Slain by an orc warrior
             ... wielding a +2 dire flail of venom
              (15 damage)
             ... on level 7 of the Dungeon.
             The game lasted 00:22:20 (7235 turns).

RedPan the Carver (Formicid Abyssal Knight)         Turns: 7235, Time: 00:22:20

Health: -2/67      AC: 18    Str: 25    XL:     9   Next: 95%
Magic:  10/10      EV:  6    Int: 12    God:    Lugonu [****..]
Gold:   289        SH:  3    Dex: 10    Spells: 0 memorised, 8 levels left

rFire  . . .     SeeInvis +     y - +4 long sword
rCold  . . .     Gourm    .     h - +0 plate armour
rNeg   . . .     Faith    .     u - +0 buckler
rPois  .         Spirit   .     (helmet unavailable)
rElec  .         Dismiss  .     B - +0 cloak
rCorr  .         Reflect  .     i - +0 pair of gloves
SustAt +         Harm     .     (no boots)
MR     .....                    d - amulet of rage
Stlth  ..........               w - ring of sustain attributes
                                j - +4 ring of protection

@: mighty, lethally poisoned (-2 -> -23), not resistant to hostile enchantments,
extremely unstealthy
A: permanent stasis, dig shafts and tunnels, four strong arms, antennae 3
a: Dig, Shaft Self, Depart the Abyss, Bend Space, Banish, Corrupt, Renounce
Religion


You were on level 7 of the Dungeon.
You worshipped Lugonu.
Lugonu was greatly pleased with you.
You were hungry.

You visited 2 branches of the dungeon, and saw 8 of its levels.
You visited the Abyss 1 time.

You collected 289 gold pieces.

Inventory:

Hand Weapons
 a - a +1 falchion
 y - a +4 long sword (weapon)
Armour
 b - a +0 leather armour
 h - a +0 plate armour (worn)
 i - a +0 pair of gloves (worn)
 u - a +0 buckler (worn)
 B - a +0 cloak (worn)
Jewellery
 d - an amulet of rage (around neck)
 j - a +4 ring of protection (left hand)
 n - an uncursed ring of wizardry
 w - a ring of sustain attributes (right hand)
Wands
 g - a wand of magic darts (28/48)
 q - a wand of digging (20/24)
Scrolls
 f - 5 scrolls of remove curse
 m - 2 scrolls of recharging
 p - a scroll of enchant armour {unknown}
 v - a scroll of fog
 A - 2 scrolls of teleportation
 E - 2 scrolls of identify
Potions
 e - a potion of flight
 l - a potion of agility
 r - a potion of haste {unknown}
 s - a potion of cure mutation {unknown}
 t - 2 potions of curing {unknown}
 x - a potion of resistance {unknown}
 D - a potion of berserk rage {unknown}
Comestibles
 c - 4 bread rations
 o - 2 meat rations
 z - a beef jerky
 C - a slice of pizza
 F - 6 chunks of flesh


   Skills:
 + Level 4.8 Fighting
 - Level 12.0 Long Blades
 + Level 3.9 Armour
 - Level 0.8 Dodging
 - Level 2.1 Invocations


You had 8 spell levels left.
You didn't know any spells.

Dungeon Overview and Level Annotations

Branches:
Dungeon (7/15)             Temple (1/1) D:5

Altars:
Ashenzari
Cheibriados
Dithmenos
Elyvilon
Fedhas
Gozag
Kikubaaqudgha
Makhleb
Nemelex Xobeh
Okawaru
Pakellas
Qazlal
Ru
Sif Muna
Trog
Vehumet
Xom
Yredelemnul
Zin
The Shining One


Innate Abilities, Weirdness & Mutations

You are under a permanent stasis effect.
You can dig through walls and to a lower floor.
Your four strong arms can wield two-handed weapons with a shield.
You have a pair of large antennae on your head (SInv).


Message History

The kobold hits you but does no damage.
You barely miss the kobold.
The kobold is moderately wounded.
* * * LOW HITPOINT WARNING * * *
You feel sick.
Drink which item? (? for menu, Esc to quit)
You feel very mighty all of a sudden.
* * * LOW HITPOINT WARNING * * *
You feel sick. The kobold barely misses you.
You slash the kobold!
You kill the kobold!
Lugonu accepts your kill.
* * * LOW HITPOINT WARNING * * *
You feel sick.
The kobold shoots a poisoned needle.
The poisoned needle hits you!
You are lethally poisoned!
* * * LOW HITPOINT WARNING * * *
You feel sick.
The orc warrior hits you with a dire flail of venom!
You die...

####.. ...
..##.# # #.#
#.##.# #
#.##.# #
##.##.######
..
##..........#
###
#......####.#
#...####
###...######
######
#...(.Z@o..#
......
....#...##K..#
######
#####.(..
o......
#########
#.... ......#
........#
#.[........$.
#######.#
#.#.........#
#.#
#.####.......
#.# #. ...####
#.#


You could see an orc warrior, an orc wizard (invisible), a centaur zombie and a
kobold.

Vanquished Creatures
  2 hippogriffs (D:7)
  The ghost of RedPan the Magician, an amateur DrCj (D:3)
  2 orc warriors
  2 ice beasts (D:5)
  A sky beast (D:6)
  2 phantoms (D:6)
  3 ogres
  A centaur (D:5)
  A big kobold (D:7)
  3 crimson imps (D:6)
  A hound (D:4)
  A jelly (D:5)
  4 orc priests
  Crazy Yiuf (D:4)
  A giant frog skeleton (D:5)
  7 orc wizards
  A centaur skeleton (D:3)
  3 iguanas
  4 worker ants
  A hound zombie (D:7)
  A worker ant zombie (D:5)
  8 adders
  2 oozes
  2 adder skeletons
  4 worms
  A giant gecko (D:4)
  24 orcs
  9 bats
  10 giant cockroaches
  8 goblins
  6 hobgoblins
  11 jackals
  7 kobolds
  A quokka (D:6)
  A giant cockroach zombie (D:6)
  A giant gecko skeleton (D:6)
  5 giant newts
  A jackal skeleton (D:4)
  2 quokka skeletons (D:4)
  9 rats
155 creatures vanquished.

Vanquished Creatures (others)
  The ghost of kinazarov the Blocker, a novice FoFi of Kikubaaqudgha (D:6)
1 creature vanquished.

Grand Total: 156 creatures vanquished

Notes
Turn   | Place    | Note
--------------------------------------------------------------
     0 | Abyss:1  | RedPan the Formicid Abyssal Knight began the quest for the Orb.
     0 | Abyss:1  | Reached XP level 1. HP: 18/18 MP: 2/2
     0 | D:1      | Escaped the Abyss
    13 | D:1      | Noticed a giant frog
   139 | D:1      | Reached XP level 2. HP: 22/24 MP: 3/3
   268 | D:1      | Reached * piety under Lugonu
   583 | D:1      | Reached XP level 3. HP: 29/29 MP: 4/4
   987 | D:2      | Reached ** piety under Lugonu
  1003 | D:2      | Found a glowing silver altar of Zin.
  1005 | D:2      | Noticed an angel
  1009 | D:2      | Found a shimmering altar of Xom.
  1040 | D:2      | Reached XP level 4. HP: 35/35 MP: 5/5
  1057 | D:2      | Reached skill level 4 in Long Blades
  1661 | D:3      | Reached XP level 5. HP: 31/41 MP: 6/6
  1749 | D:3      | Reached skill level 5 in Long Blades
  1922 | D:3      | Noticed RedPan's ghost (amateur DrCj)
  1949 | D:3      | Killed RedPan's ghost
  1949 | D:3      | Reached skill level 6 in Long Blades
  1949 | D:3      | Reached XP level 6. HP: 37/47 MP: 7/7
  2260 | D:3      | Reached *** piety under Lugonu
  2260 | D:3      | Reached XP level 7. HP: 16/52 MP: 8/8
  2500 | D:3      | Reached skill level 7 in Long Blades
  3237 | D:4      | Noticed Crazy Yiuf
  3249 | D:4      | Killed Crazy Yiuf
  3249 | D:4      | Reached skill level 8 in Long Blades
  4080 | D:5      | Entered Level 5 of the Dungeon
  4092 | D:5      | Reached XP level 8. HP: 51/58 MP: 9/9
  4262 | D:5      | Found an oddly glowing altar of Pakellas.
  4263 | D:5      | Found an opulent altar of Gozag.
  4325 | D:5      | Reached skill level 9 in Long Blades
  4569 | D:5      | Reached **** piety under Lugonu
  4878 | D:6      | Reached skill level 10 in Long Blades
  4983 | D:6      | Noticed kinazarov's ghost (novice FoFi)
  5258 | D:6      | Reached XP level 9. HP: 30/64 MP: 10/10
  5815 | D:5      | Reached skill level 11 in Long Blades
  6039 | D:6      | Banished kinazarov's ghost
  6247 | D:6      | Found a blossoming altar of Fedhas.
  6636 | D:6      | Reached skill level 12 in Long Blades
  6646 | D:5      | Found a staircase to the Ecumenical Temple.
  6652 | Temple   | Entered the Ecumenical Temple
  7235 | D:7      | Slain by an orc warrior

Vault maps used:
D:1:      evilmike_arrival_come_back
D:2:      grunt_temple_overflow_order_and_chaos_1
D:4:      portal_sewer_entry_d, uniq_crazy_yiuf_cottage
D:5:      minitemple, minmay_temple_entry_from_below_a, first_bread
D:6:      fedhas_altar_4
Temple:   nicolae_temple_the_god_donut

Action                   |  1- 3 |  4- 6 |  7- 9 || total
-------------------------+-------+-------+-------++-------
Melee: Falchion          |    98 |   196 |   161 ||   455
       Long sword        |       |       |   282 ||   282
Invok: Depart the Abyss  |     1 |       |       ||     1
       Banish            |       |       |     1 ||     1
  Use: Scroll            |       |       |    10 ||    10
       Potion            |       |       |     4 ||     4
  Eat: Chunk             |     1 |     4 |    13 ||    18
       Pizza             |       |       |     1 ||     1
       Beef jerky        |       |       |     1 ||     1
